AoeStats
← jmicallef530

Arabia

503115066Analyzed
3v3 RM · 1mo ago on Aug 30, 2026· 45m 32s· 6 players
Game mode
Random Map
Map size
Normal (6 player)
Population
200
Speed
Normal
Resources
Standard
Victory
Conquest
Starting age
Dark Age
Ending age
Imperial Age
RankedLock teamsTeams togetherTeam positionsShared explorationLock speedFull tech treeHidden civsTurbo modeCheats
Victory
Defeat
🇺🇦 Berbers · Ukraine
834
+14
🇯🇵 Burgundians · Japan
807
+15
🇮🇳 Japanese · India
702
+20
🇲🇹 Franks · Malta
805
-17
🇦🇷 Persians · Argentina
780
-16
🇲🇹 Vietnamese · Malta
755
-15
Dtox
10:45 Feudal Age
9:31 Loom
20:11 Scale Barding Armor
30:22 Castle Age
jmicallef530
1:46 Loom
11:57 Feudal Age
20:16 Scale Mail Armor
24:45 Forging
27:07 Castle Age
26:19 Double-Bit Axe
28:00 Elite Skirmisher
28:29 Horse Collar
29:01 Bow Saw
28:43 Stone Mining
29:56 Heavy Plow
30:15 Pikeman
33:12 Gold Mining
34:36 Squires
35:20 Arson
35:34 Fletching
35:44 Padded Archer Armor
40:50 Leather Archer Armor
40:30 Bodkin Arrow
40:51 Chain Mail Armor
43:18 Iron Casting
Khan Ino
1:32 Loom
11:04 Feudal Age
12:25 Wheelbarrow
11:42 Double-Bit Axe
13:28 Horse Collar
20:31 Castle Age
27:27 Husbandry
27:56 Pikeman
28:37 Squires
30:20 Kamandaran
31:09 Crossbowman
33:33 Murder Holes
40:21 Imperial Age
mr.white.irbis
7:47 Loom
11:19 Feudal Age
11:56 Horse Collar
16:38 Scale Barding Armor
19:06 Wheelbarrow
22:56 Castle Age
21:58 Gold Mining
23:12 Bloodlines
23:20 Forging
24:05 Double-Bit Axe
24:26 Heavy Plow
25:14 Bow Saw
26:45 Chain Barding Armor
30:38 Iron Casting
34:28 Gold Shaft Mining
33:43 Stone Mining
34:50 Hand Cart
34:20 Town Watch
34:05 Elite Skirmisher
34:50 Thumb Ring
38:13 Imperial Age
40:09 Husbandry
44:34 Crop Rotation
44:44 Stone Shaft Mining
44:23 Town Patrol
45:41 Conscription
DemonisHERE
11:12 Feudal Age
15:21 Man-at-Arms
24:53 Castle Age
24:19 Scale Mail Armor
25:39 Long Swordsman
47:35 Imperial Age
46:21 Chain Mail Armor
46:16 Forging
Lubuntu10.04LTS
4:46 Double-Bit Axe
7:47 Loom
11:35 Feudal Age
13:57 Scale Barding Armor
14:39 Horse Collar
17:47 Wheelbarrow
18:03 Forging
18:18 Heavy Plow
21:22 Gold Mining
23:07 Gold Shaft Mining
25:47 Castle Age
26:12 Cavalier
26:55 Husbandry
27:19 Chain Barding Armor
27:12 Bow Saw
28:09 Stone Mining
28:57 Iron Casting
30:06 Hand Cart
31:48 Two-Man Saw
32:16 Crop Rotation
33:53 Stone Shaft Mining
37:23 Town Watch
42:08 Imperial Age
39:52 Fortified Wall
39:23 Treadmill Crane
39:55 Masonry
39:48 Devotion
40:00 Fervor
42:25 Paladin
43:43 Plate Barding Armor
44:09 Blast Furnace
43:56 Town Patrol
44:20 Faith
45:03 Chemistry
44:13 Fletching
44:25 Padded Archer Armor
45:48 Conscription
Connection lost

Rejoining the realm…

Still unreachable

The connection could not be restored.

Session expired

The server has moved on; the page needs a fresh start.